 Dungeon Crawl Stone Soup version 0.20.1-1-g8b1a95d (webtiles) character file.

1824 Irenicus the Covert (level 8, -2/33 (34) HPs)
             Began as a Felid Chaos Knight on Oct 8, 2017.
             Slain by a wolf (7 damage)
             ... led by Grum
             ... on level 9 of the Dungeon.
             The game lasted 00:22:43 (7144 turns).

Irenicus the Covert (Felid Chaos Knight)            Turns: 7144, Time: 00:22:44

HP:   -2/33 (34)    AC:  2    Str:  4    XL:     8   Next: 86%
MP:   10/10         EV: 19    Int: 13    God:    Xom [...*..]
Gold: 1110          SH:  0    Dex: 18    Spells: 7/7 levels left
                                        Lives: 0   Deaths: 2

rFire    . . .     SeeInvis +     - Unarmed
rCold    . . .     Gourm    .   (shield unavailable)
rNeg     + . .     Faith    .   (armour unavailable)
rPois    +         Spirit   .   (helmet unavailable)
rElec    .         Reflect  .   (cloak unavailable)
rCorr    .         Harm     .   (gloves unavailable)
MR       +....                  (boots unavailable)
Stlth    +++++.....             b - amulet of rage
Regen    0.2/turn               f - ring of positive energy
MPRegen  0.2/turn               E - ring of poison resistance

@: cleaving, berserk cooldown, slowed, slow
A: no armour, no weapons or thrown items, stealth, antennae 1, claws 1, fangs 3,
see invisible, carnivore 3, speed 1, low mp 1, poison resistance, shaggy fur 2,
slow metabolism 1, weak 2, sharp paws
a: Renounce Religion, Evoke Berserk Rage


You were on level 9 of the Dungeon.
You worshipped Xom.
You were a favourite toy of Xom.
You were not hungry.

You visited 1 branch of the dungeon, and saw 9 of its levels.

You collected 1110 gold pieces.

Inventory:

Jewellery
 b - an amulet of rage (around neck)
 f - a ring of positive energy (left paw)
 h - an uncursed ring of flight
 i - an uncursed ring of wizardry
 r - a +2 ring of intelligence
 C - an uncursed ring of ice
 E - a ring of poison resistance (right paw)
Wands
 u - a wand of polymorph (14/24)
 w - a wand of polymorph (13/24)
 x - a wand of disintegration (14/24)
 A - a wand of lightning (6/15)
 B - a wand of polymorph (7/24)
 G - a wand of digging (10/24)
Scrolls
 c - a scroll of recharging {unknown}
 g - a scroll of blinking
 j - 2 scrolls of enchant weapon {unknown}
 l - 2 scrolls of identify
 n - 3 scrolls of enchant armour {unknown}
 p - 2 scrolls of fog {unknown}
 t - 3 scrolls of amnesia {unknown}
 v - a scroll of random uselessness {unknown}
 z - 2 scrolls of remove curse {unknown}
 F - a scroll of teleportation {unknown}
Potions
 e - a potion of cancellation
 k - 2 potions of brilliance {unknown}
 m - a potion of agility
 o - 2 potions of lignification {unknown}
 q - 2 potions of flight {unknown}
 s - a potion of haste {unknown}
 D - a potion of curing {unknown}
Books
 y - a Young Poisoner's Handbook

   Spells                             Type                      Level
   a - Sting                          Conjuration/Poison           1
   b - Poisonous Vapours              Poison/Air                   2
   c - Mephitic Cloud                 Conjuration/Poison/Air       3
   d - Olgreb's Toxic Radiance        Poison                       4
   e - Venom Bolt                     Conjuration/Poison           5
Comestibles
 a - 3 meat rations
 d - 5 royal jellies


   Skills:
 - Level 3.0 Fighting
 - Level 3.2 Dodging
 + Level 11.5 Stealth
 + Level 9.4 Unarmed Combat
 - Level 3.2 Evocations


You had 7 spell levels left.
You didn't know any spells.

Dungeon Overview and Level Annotations

Branches:
Dungeon (9/15)             Temple (0/1) D:4
   Lair: D:8-11         Orc: D:9-12

Altars:
Gozag
Hepliaklqana
Qazlal
Sif Muna
Trog
Uskayaw
Vehumet
Xom

Shops:
D:5 (   D:8 }

Annotations:
D:8 Grum


Innate Abilities, Weirdness & Mutations

You cannot wear armour.
You are incapable of wielding weapons or throwing items.
Your paws allow you to move quietly. (Stealth)
You have sharp claws.
You have razor-sharp teeth.
You have supernaturally acute eyesight. (SInv)
You are carnivorous and can eat meat at any time.
You cover ground quickly.
You are covered in thick fur. (AC +2)
You have a slow metabolism.
Your sharp claws are effective at attacking unaware monsters.
You have a pair of small antennae on your head.
Your magical capacity is low. (-10% MP)
Your system is resistant to poisons. (rPois)
You are very weak. (Str -4)


Message History

You scratch the hound.
The hound is moderately wounded. "Go forth and cause havoc, mortal!"
Your paws look sharp.
The wolf barely misses you. The wolf bites you. The hound barely misses you.
The wolf bites you. The hound misses you.
You scratch the hound. Your bite misses the hound.
The hound is severely wounded.
You scratch the wolf. The wolf misses you. The hound misses you.
The wolf completely misses you.
You claw the hound!
You kill the hound!
You scratch the wolf. The wolf misses you. The wolf closely misses you.
You barely miss the wolf.
The wolf is lightly wounded.
The wolf bites you!
* * * LOW HITPOINT WARNING * * *
The wolf bites you!
You die...
Xom chortles!

## .###
... ##h##
#@..#
#.....#.#
#..##.# #
#. #.# ..
#.. #.
#.. # ...
#...


You could see a wolf.

Vanquished Creatures
  A rime drake (shapeshifter) (D:8)
  Prince Ribbit (D:6)
  Purgy (D:3)
  A black bear (D:7)
  An orc warrior (D:7)
  2 ice beasts (D:5)
  4 phantoms
  A sky beast (D:5)
  An ogre (D:7)
  A centaur (D:6)
  3 bullfrogs
  A scorpion (D:6)
  A crimson imp (D:7)
  A centaur zombie (D:5)
  A hound (D:9)
  A jelly (D:6)
  A gnoll shaman (D:5)
  An orc priest (D:7)
  Natasha (thrice) (D:3)
  2 worker ants
  A howler monkey zombie (D:7)
  A worker ant zombie (D:7)
  18 gnolls
  6 adders
  A shadow imp (D:5)
  An ooze (D:3)
  5 dart slugs
  2 leopard geckos
  16 orcs
  9 bats
  6 giant cockroaches
  13 goblins
  7 hobgoblins
  6 jackals
  2 quokkas
  3 frilled lizards
  8 kobolds
  A leopard gecko zombie (D:6)
  A quokka zombie (D:7)
  4 rats
140 creatures vanquished.

Vanquished Creatures (collateral kills)
  Sigmund (D:4)
  A gnoll (D:5)
2 creatures vanquished.

Vanquished Creatures (others)
  5 dream sheep (D:3)
  A scorpion (D:4)
  A crimson imp (D:6)
7 creatures vanquished.

Grand Total: 149 creatures vanquished

Notes
Turn   | Place    | Note
-------+----------+-------------------------------------------
     0 | D:1      | Irenicus the Felid Chaos Knight began the quest for the Orb.
     0 | D:1      | Reached XP level 1. HP: 10/10 MP: 2/2
   325 | D:1      | XOM: silly message
   330 | D:1      | Reached XP level 2. HP: 10/14 MP: 3/3
   572 | D:2      | XOM: give mutation
   572 | D:2      | Gained mutation: You are somewhat resistant to further mutation. [Xom's grace]
   671 | D:2      | XOM: scenery: create altars
   683 | D:2      | XOM: butterfly on damage
   982 | D:2      | Found a hazy altar of Hepliaklqana.
   995 | D:2      | Reached XP level 3. HP: 15/17 MP: 4/4
  1099 | D:2      | Reached skill level 1 in Stealth
  1122 | D:2      | XOM is BORED!
  1122 | D:2      | XOM: give mutation
  1122 | D:2      | Gained mutation: You are weak. (Str -2) [Xom's mischief]
  1272 | D:2      | Reached skill level 1 in Evocations
  1292 | D:2      | Reached skill level 2 in Stealth
  1318 | D:2      | XOM: scenery: create altars
  1458 | D:2      | XOM: scenery: 1 doors close
  1705 | D:2      | XOM: god gift: glowing hunting sling {god gift}
  1796 | D:3      | Reached skill level 3 in Stealth
  2076 | D:3      | Noticed Purgy
  2093 | D:3      | XOM: scenery: create altars
  2099 | D:3      | Killed Purgy
  2099 | D:3      | Reached skill level 5 in Stealth
  2099 | D:3      | Reached XP level 4. HP: 12/21 MP: 4/6
  2099 | D:3      | Reached XP level 5. HP: 14/24 MP: 4/7
  2180 | D:3      | Noticed Natasha
  2184 | D:3      | Killed Natasha
  2487 | D:3      | XOM is BORED!
  2487 | D:3      | XOM: mild Tmut miscast
  2625 | D:3      | XOM: mild Chrm miscast
  2631 | D:3      | XOM: give mutations
  2631 | D:3      | Gained mutation: You have a pair of small antennae on your head. [Xom's mischief]
  2631 | D:3      | Gained mutation: Your body sometimes deteriorates upon taking damage. [Xom's mischief]
  2726 | D:3      | Noticed Natasha
  2738 | D:3      | Killed Natasha
  2738 | D:3      | Reached skill level 6 in Stealth
  2840 | D:3      | XOM: harmless Ice miscast
  2869 | D:3      | Found a shimmering altar of Xom.
  2869 | D:3      | Noticed a dream sheep
  2869 | D:3      | Noticed a dream sheep
  2869 | D:3      | Noticed a dream sheep
  2869 | D:3      | Noticed a dream sheep
  2869 | D:3      | Noticed a dream sheep
  2875 | D:3      | Killed a dream sheep
  2875 | D:3      | Killed a dream sheep
  2875 | D:3      | Killed a dream sheep
  2875 | D:3      | Killed a dream sheep
  2876 | D:3      | Killed a dream sheep
  2933 | D:3      | Gained mutation: You are covered in thick fur. (AC +2) [Felid growth]
  2933 | D:3      | Reached XP level 6. HP: 18/28 MP: 8/8
  2992 | D:3      | XOM: divination: detect creatures
  3070 | D:3      | XOM: give mutations
  3070 | D:3      | Lost mutation: Your body sometimes deteriorates upon taking damage. [Xom's mischief]
  3070 | D:3      | Gained mutation: Your magical capacity is low. (-10% MP) [Xom's mischief]
  3082 | D:3      | XOM: give mutations
  3082 | D:3      | Gained mutation: You are clumsy. (Dex -2) [Xom's mischief]
  3082 | D:3      | Lost mutation: You are clumsy. (Dex -2) [Xom's mischief]
  3082 | D:3      | Gained mutation: You are very weak. (Str -4) [Xom's mischief]
  3169 | D:3      | Noticed Natasha
  3174 | D:3      | Killed Natasha
  3267 | D:4      | XOM: divine lightning
  3325 | D:4      | XOM: 1-stop teleportation journey
  3470 | D:4      | Noticed Sigmund
  3470 | D:4      | XOM: cast spell 'Summon Hydra'
  3474 | D:4      | Killed Sigmund
  3474 | D:4      | Reached skill level 7 in Stealth
  3557 | D:4      | You fall through a shaft for 2 floors!
  3561 | D:5      | Entered Level 5 of the Dungeon
  3744 | D:4      | Found a staircase to the Ecumenical Temple.
  3832 | D:4      | Found an opulent altar of Gozag.
  3839 | D:4      | Found a radiant altar of Vehumet.
  3910 | D:4      | Reached skill level 8 in Stealth
  4333 | D:5      | Reached XP level 7. HP: 15/31 MP: 9/9
  4511 | D:5      | XOM: enchant monster (good)
  4558 | D:5      | Found Lisku's Antique Weapon Shoppe.
  4618 | D:5      | Found a deep blue altar of Sif Muna.
  4764 | D:5      | XOM: cast spell 'Monstrous Menagerie'
  4767 | D:5      | Slain by a gnoll
  4768 | D:5      | Reached XP level 6. HP: -3/28 MP: 8/8
  4820 | D:5      | Found a hide-covered altar of Uskayaw.
  4854 | D:5      | Found a shimmering altar of Xom.
  4875 | D:5      | Reached skill level 9 in Stealth
  4950 | D:5      | Reached skill level 5 in Unarmed Combat
  5093 | D:5      | Noticed an ice beast
  5108 | D:5      | Killed an ice beast
  5108 | D:5      | Reached XP level 7. HP: 31/31 MP: 9/9
  5256 | D:5      | Reached skill level 10 in Stealth
  5286 | D:6      | Noticed Prince Ribbit
  5291 | D:6      | XOM: enchant monster (good)
  5379 | D:5      | XOM: summons 3 hostile shadow creatures
  5512 | D:6      | XOM: give mutations
  5512 | D:6      | Gained mutation: Your system is resistant to poisons. (rPois) [Xom's mischief]
  5512 | D:6      | Lost mutation: You are somewhat resistant to further mutation. [Xom's mischief]
  5550 | D:6      | XOM: severe Air miscast
  5552 | D:6      | Killed from afar by a twister
  5553 | D:6      | Reached XP level 6. HP: -5/28 MP: 8/8
  5666 | D:6      | XOM: god gift: 730 gold pieces
  5668 | D:6      | Killed Prince Ribbit
  5668 | D:6      | Reached XP level 7. HP: 18/31 MP: 9/9
  5670 | D:6      | XOM: divination: detect items
  5688 | D:6      | XOM: noise
  5695 | D:6      | XOM: confuse monster(s)
  5698 | D:6      | XOM: mild Chrm miscast
  5748 | D:6      | HP: 1/31 [phantom (5)]
  5756 | D:6      | HP: 1/31 [phantom (1)]
  5759 | D:6      | XOM: butterfly on damage
  5844 | D:6      | XOM: enchant monster (good)
  5883 | D:6      | XOM: summons 7 friendly demons
  6184 | D:6      | Reached XP level 8. HP: 7/34 MP: 10/10
  6197 | D:6      | XOM: cloud trail
  6240 | D:6      | Found a stormy altar of Qazlal.
  6327 | D:7      | Found a bloodstained altar of Trog.
  6355 | D:7      | XOM: mild Necr miscast
  6574 | D:7      | Reached skill level 11 in Stealth
  7054 | D:8      | Found Dolex's Gadget Shop.
  7076 | D:8      | Noticed a rime drake
  7076 | D:8      | an ogre changed into a rime drake
  7076 | D:8      | XOM: polymorph ogre -> rime drake
  7081 | D:8      | Killed a rime drake
  7123 | D:8      | Noticed Grum
  7141 | D:9      | XOM: cleaving
  7144 | D:9      | Slain by a wolf

Skill      XL: |  1  2  3  4  5  6  7  8 |
---------------+-------------------------+-----
Unarmed Combat | 4 7 8 9 |  9.4
Stealth        | 5 6 9 10 11 | 11.5
Evocations     | 2 3 |  3.2
Fighting       | |  3.0
Dodging        | |  3.2

Action                   |  1- 3 |  4- 6 |  7- 9 || total
-------------------------+-------+-------+-------++-------
Melee: Unarmed           |   137 |   222 |   222 ||   581
       Bite              |    11 |    25 |    18 ||    54
       Punch             |     1 |     1 |     6 ||     8
 Abil: Evoke Berserk Rag |     3 |     7 |    11 ||    21
  Use: Scroll            |       |     2 |       ||     2
       Potion            |       |       |     3 ||     3
 Stab: Sleeping          |     6 |    16 |    10 ||    32
       Distracted        |       |     1 |       ||     1
  Eat: Chunk             |     9 |    15 |    18 ||    42
Armor: Skin              |     6 |     9 |     8 ||    23
Dodge: Dodged            |    92 |   143 |   156 ||   391
